Map: [ESL] Stargazers

Players

piglet - Winner!

  • Race: Terran Terran
  • Spawn Location: 11:00

Maplez

  • Race: Protoss Protoss
  • Spawn Location: 1:00

Event: DreamHack SC2 Masters 2022 Valencia

VOD

Have the link to the VOD?

Description

Time

  • Played on: July 1, 2022, 10:32 a.m.
  • Length: 15:59

All games in this series

Show
View Real Time Build Order
Export as new Build Order

piglet Terran - Winner!

Build Orders: Gas First Reaper Expand 

Get SALT Encoding   

  12  0:00  SCV  
  13  0:12  SCV  
  14  0:17  Supply Depot  
  14  0:24  SCV  
  14  0:27  Refinery  
  15  0:38  SCV  
  16  0:43  Barracks  
  16  0:50  SCV  
  17  1:03  SCV  
  18  1:15  SCV  
  19  1:30  Reaper  
  19  1:31  Orbital Command  
  20  1:43  Command Center  
  20  1:54  Factory  
  20  1:58  SCV  
  21  2:05  Refinery  
  21  2:06  Barracks Reactor  
  21  2:10  SCV  
  22  2:17  Supply Depot  
  22  2:22  SCV  
  23  2:39  SCV  
  23  2:40  Widow Mine  
  23  2:42  Marine, Starport  
  27  2:44  Marine  
  27  2:51  SCV  
  29  2:56  Supply Depot  
  28  3:00  Marine  
  28  3:08  SCV  
  28  3:11  Widow Mine  
  31  3:17  Marine  
  31  3:19  Medivac  
  34  3:26  SCV, Marine  
  36  3:31  Orbital Command  
  36  3:35  Factory Tech Lab  
  36  3:36  Marine  
  37  3:42  SCV  
  37  3:44  Marine  
  39  3:58  SCV x2  
  39  4:00  Cyclone  
  39  4:01  Medivac  
  45  4:06  Marine  
  45  4:08  Marine  
  45  4:10  SCV  
  45  4:11  SCV  
  47  4:23  SCV x2  
  47  4:24  Supply Depot  
  49  4:31  Viking  
  49  4:32  Marine  
  49  4:35  SCV  
  49  4:38  SCV  
  54  4:42  Marine  
  54  4:45  Cyclone  
  54  4:47  SCV, Supply Depot  
  59  4:52  SCV  
  59  4:59  SCV, Command Center  
  60  5:02  Marine  
  60  5:06  SCV  
  62  5:11  SCV  
  62  5:13  Barracks  
  63  5:18  SCV  
  64  5:23  SCV  
  64  5:27  Siege Tank  
  64  5:28  Barracks  
  69  5:30  SCV  
  69  5:31  Supply Depot  
  69  5:35  SCV, Starport Tech Lab  
  70  5:40  Supply Depot  
  70  5:41  Refinery  
  70  5:43  Supply Depot  
  70  5:52  Marine x2  
  70  5:53  SCV x2  
  70  5:54  Engineering Bay  
  70  5:55  Engineering Bay  
  74  6:01  Starport Reactor  
  74  6:05  SCV x2  
  74  6:07  Refinery  
  74  6:10  Factory Reactor  
  74  6:17  SCV x2, Stimpack  
  74  6:18  Marine x2, Marauder  
  76  6:21  Barracks x2  
  55  6:25  Orbital Command  
  72  6:27  Terran Infantry Weapons Level 1  
  72  6:31  Terran Infantry Armor Level 1  
  72  6:33  Combat Shield  
  72  6:40  Marauder x2  
  72  6:41  Marine x2  
  72  6:43  SCV x2  
  72  6:45  Orbital Command, Medivac  
  82  6:48  Widow Mine  
  82  6:50  Widow Mine  
  86  6:56  Supply Depot  
  86  6:58  Supply Depot  
  86  6:59  Marine x2  
  89  7:01  SCV  
  89  7:02  SCV, Marauder  
  89  7:08  Ghost Academy  
  92  7:15  Barracks Tech Lab  
  92  7:16  Marauder  
  92  7:17  Medivac x2, Marine x2  
  92  7:18  SCV  
  92  7:20  SCV  
  102  7:25  SCV  
  103  7:31  Marine, Marauder  
  103  7:34  SCV x2  
  103  7:36  Sensor Tower  
  108  7:37  Missile Turret  
  108  7:39  Ghost, Marine  
  108  7:40  Marine  
  108  7:42  Marine  
  108  7:44  SCV  
  114  7:45  Marine  
  114  7:46  Refinery, SCV  
  114  7:49  Marine  
  114  7:50  Supply Depot  
  117  7:52  SCV  
  117  7:53  Marauder  
  116  7:59  Marine  
  116  8:00  SCV x2  
  116  8:02  Ghost  
  116  8:03  Supply Depot  
  116  8:04  Marine  
  116  8:05  Supply Depot  
  122  8:08  SCV  
  123  8:13  Armory  
  123  8:16  Ghost, Marine  
  123  8:18  SCV x2  
  128  8:20  SCV  
  128  8:21  Refinery  
  128  8:22  Supply Depot  
  128  8:27  Marine  
  128  8:28  Marauder  
  128  8:30  SCV  
  128  8:31  Marine  
  128  8:32  Marauder  
  135  8:37  Marine, Supply Depot  
  135  8:40  SCV x2  
  138  8:45  Marauder  
  138  8:46  Command Center  
  140  8:51  Marine, Marauder  
  140  8:53  Marauder  
  145  8:57  Factory Reactor  
  145  8:58  Starport  
  145  9:00  Marine  
  145  9:01  Marine x2  
  148  9:06  Ghost, Terran Infantry Weapons Level 2  
  148  9:08  Terran Infantry Armor Level 2  
  150  9:10  Marine  
  150  9:13  Marauder  
  153  9:19  Enhanced Shockwaves  
  153  9:20  Marine  
  153  9:21  Supply Depot  
  153  9:22  Supply Depot, Marine  
  155  9:26  Bunker  
  155  9:30  Bunker  
  155  9:34  Supply Depot, Marauder  
  155  9:38  Viking  
  159  9:41  Viking  
  159  9:44  Terran Ship Weapons Level 1  
  161  9:47  Missile Turret  
  161  9:48  Supply Depot  
  161  9:51  Ghost  
  160  9:58  Viking  
  160  9:59  Marine x2, Marauder  
  160  10:08  SCV  
  160  10:09  SCV  
  162  10:14  Viking  
  162  10:16  Marine  
  163  10:21  Ghost, Marine  
  163  10:24  Ghost, Marine  
  163  10:25  Ghost, Marine  
  171  10:33  Marine  
  168  10:39  Marine  
  168  10:40  SCV  
  168  10:42  SCV, Marine  
  163  10:43  Marine  
  164  10:50  Ghost, Bunker  
  164  10:52  Liberator x3  
  164  10:56  Medivac  
  177  11:01  Refinery  
  177  11:04  Planetary Fortress  
  177  11:05  SCV  
  177  11:06  Marine  
  179  11:13  Marine, Missile Turret  
  179  11:14  Marauder  
  179  11:15  Marine  
  179  11:16  Marauder  
  181  11:19  SCV x2  
  181  11:23  Refinery  
  183  11:27  Terran Infantry Weapons Level 3  
  183  11:30  Marine  
  183  11:31  Marauder  
  186  11:34  Marine  
  186  11:35  Marauder  
  189  11:41  Viking, Marine, Marauder  
  189  11:43  SCV x2  
  189  11:44  SCV x2  
  198  11:50  Terran Infantry Armor Level 3  
  198  11:55  Missile Turret  
  198  11:59  Marauder  
  200  12:11  Concussive Shells  
  199  12:17  Ghost, Barracks  
  199  12:18  Marine  
  199  12:19  Barracks x2  
  199  12:20  Marine, Marauder  
  199  12:21  Missile Turret, Marine  
  195  12:40  Ghost, Marine  
  195  12:42  Ghost, Marine  
  198  12:52  Viking  
  198  13:01  Terran Vehicle And Ship Armor Level 1, Refinery, Command Center  
  198  13:02  Medivac  
  198  13:03  Bunker  
  200  13:07  Barracks Tech Lab x3  
  200  13:08  Personal Cloaking  
  199  13:12  Command Center  
  188  13:29  Marine  
  188  13:30  Marauder  
  188  13:31  Marine, Marauder x2  
  188  13:32  Viking  
  188  13:33  Marine  
  191  13:34  Marauder  
  191  13:37  Marine, Marauder  
  190  13:42  Marauder  
  190  13:47  Marine  
  185  13:49  Marine  
  185  13:50  Ghost  
  177  14:02  Marauder  
  165  14:04  Marine  
  165  14:05  Marine, Marauder x2  
  165  14:06  Ghost  
  165  14:07  Marine  
  159  14:17  Marine, Marauder  
  159  14:23  Marine  
  158  14:24  Marauder  
  155  14:36  Marine, Marauder  
  140  14:38  Ghost, Marine  
  140  14:40  Ghost, Marine  
  143  14:48  Ghost, Marine  
  143  14:52  Ghost, Marine  
  149  14:53  Marine  
  150  15:00  Ghost, Marine  
  153  15:07  Planetary Fortress  
  153  15:17  Ghost  
  153  15:18  Marauder  
  157  15:27  Medivac  
  157  15:28  Marine, Marauder  
  161  15:32  SCV x2  
Show
View Real Time Build Order
Export as new Build Order

Maplez Protoss 

Build Orders: 1 Gate Expand, Oracle Opening, Phoenix Opening 

Get SALT Encoding   

  12  0:00  Probe  
  13  0:12  Probe  
  14  0:17  Pylon  
  14  0:24  Probe (Chrono Boost)  
  15  0:36  Gateway  
  15  0:37  Probe (Chrono Boost)  
  16  0:43  Probe (Chrono Boost)  
  16  0:48  Assimilator  
  17  0:51  Probe  
  18  1:03  Probe  
  19  1:15  Probe  
  20  1:23  Cybernetics Core  
  20  1:35  Nexus  
  20  1:44  Pylon  
  20  1:45  Probe  
  21  1:50  Assimilator  
  21  1:57  Probe  
  21  1:59  Adept (Chrono Boost)  
  24  2:09  Probe  
  25  2:17  Stargate  
  25  2:22  Probe  
  26  2:24  Adept (Chrono Boost)  
  27  2:31  Warp Gate  
  27  2:36  Probe  
  28  2:37  Shield Battery  
  28  2:48  Probe  
  28  2:50  Adept  
  31  2:54  Probe  
  32  3:00  Probe  
  32  3:05  Oracle (Chrono Boost)  
  36  3:14  Probe x2  
  38  3:26  Probe  
  38  3:27  Probe  
  40  3:32  Phoenix (Chrono Boost)  
  42  3:38  Probe  
  42  3:39  Probe  
  42  3:50  Phoenix (Chrono Boost), Probe  
  42  3:51  Probe  
  46  4:07  Pylon  
  46  4:22  Pylon  
  46  4:24  Assimilator  
  46  4:25  Phoenix (Chrono Boost), Twilight Council, Probe x2  
  46  4:29  Forge  
  50  4:35  Nexus  
  50  4:37  Pylon, Probe  
  51  4:44  Phoenix (Chrono Boost)  
  51  4:48  Probe  
  51  4:49  Adept  
  51  4:51  Probe  
  57  5:00  Charge (Chrono Boost), Probe  
  57  5:03  Probe  
  59  5:12  Probe  
  59  5:13  Gateway  
  59  5:14  Gateway  
  60  5:17  Pylon  
  60  5:20  Phoenix (Chrono Boost)  
  62  5:28  Probe  
  60  5:29  Probe  
  61  5:36  Protoss Ground Armor Level 1 (Chrono Boost)  
  61  5:37  Phoenix (Chrono Boost)  
  61  5:40  Probe  
  61  5:41  Probe  
  65  5:49  Gateway x2  
  65  5:52  Probe x2, Gateway  
  67  5:59  Zealot  
  67  6:00  Pylon  
  67  6:02  Probe  
  70  6:10  Probe  
  70  6:11  Probe  
  70  6:12  Phoenix (Chrono Boost)  
  70  6:14  Probe  
  69  6:21  Pylon  
  69  6:22  Probe  
  69  6:23  Probe  
  71  6:27  Probe  
  71  6:29  Pylon  
  72  6:34  Probe  
  72  6:35  Probe  
  72  6:39  Probe  
  75  6:42  Nexus  
  75  6:43  Zealot  
  75  6:45  Sentry  
  75  6:46  Probe  
  80  6:47  Probe  
  80  6:51  Probe  
  80  6:52  Assimilator  
  82  6:54  Assimilator  
  82  6:58  Probe, Phoenix  
  82  6:59  Probe  
  86  7:05  Zealot x3  
  86  7:07  Zealot  
  94  7:09  Probe  
  94  7:12  Probe  
  94  7:13  Zealot  
  94  7:14  Probe  
  99  7:21  Probe  
  100  7:24  Probe  
  100  7:27  Zealot x2  
  100  7:28  Zealot x2  
  100  7:29  Blink (Chrono Boost)  
  109  7:34  Robotics Facility  
  109  7:39  Pylon  
  109  7:40  Pylon  
  109  7:45  Pylon  
  109  7:54  Probe x2  
  109  7:56  Probe  
  112  8:05  Protoss Ground Weapons Level 1 (Chrono Boost)  
  112  8:06  Probe x2  
  112  8:07  Templar Archives, Pylon  
  112  8:08  Probe  
  112  8:10  Pylon  
  115  8:15  Zealot x5  
  115  8:16  Zealot  
  115  8:18  Probe x2  
  115  8:19  Robotics Facility  
  129  8:20  Probe  
  129  8:23  Warp Prism (Chrono Boost)  
  132  8:30  Probe x2  
  132  8:33  Probe  
  135  8:37  Gateway  
  135  8:41  Pylon  
  135  8:45  Probe  
  135  8:46  Robotics Bay  
  135  8:47  Pylon  
  136  8:50  Pylon  
  136  8:51  High Templar x4, Assimilator  
  136  8:52  Zealot x2  
  148  8:57  Pylon  
  148  8:58  Pylon, Archon x2  
  148  9:05  Gateway  
  148  9:08  Gateway x2  
  148  9:11  Gateway  
  148  9:13  Observer (Chrono Boost)  
  148  9:15  Zealot x2  
  153  9:24  Zealot x4  
  153  9:28  Assimilator x2  
  160  9:48  Zealot  
  160  9:49  Zealot x6  
  174  10:00  Colossus x2 (Chrono Boost)  
  174  10:02  Extended Thermal Lance (Chrono Boost)  
  174  10:03  Nexus  
  186  10:08  Gateway x2  
  186  10:12  Pylon  
  182  10:29  Protoss Ground Weapons Level 2 (Chrono Boost), Zealot  
  180  10:38  Forge  
  180  10:39  Pylon, Colossus (Chrono Boost)  
  180  10:40  Pylon  
  180  10:41  Stalker  
  180  10:42  Stalker x7, Dark Shrine  
  196  10:43  Colossus (Chrono Boost)  
  196  10:44  Observer  
  200  10:55  Pylon  
  200  11:09  Assimilator  
  200  11:14  Assimilator  
  200  11:17  Protoss Ground Armor Level 2 (Chrono Boost)  
  200  11:34  Photon Cannon  
  200  11:35  Photon Cannon  
  200  11:36  Gravitic Drive (Chrono Boost)  
  200  11:38  Shield Battery x2  
  200  11:52  Shadow Stride (Chrono Boost)  
  200  12:02  Gateway x2  
  200  12:05  Gateway  
  200  12:07  Pylon  
  200  12:10  Pylon  
  200  12:13  Warp Prism (Chrono Boost)  
  198  12:18  Disruptor (Chrono Boost)  
  195  12:27  Robotics Facility  
  195  12:28  Stargate  
  195  12:32  Fleet Beacon  
  191  12:39  Disruptor (Chrono Boost)  
  162  12:45  Dark Templar x7  
  162  12:46  Disruptor (Chrono Boost), Dark Templar x5  
  187  12:58  Pylon  
  181  13:01  Dark Templar x3  
  181  13:05  Probe x4  
  191  13:06  Disruptor  
  192  13:14  Disruptor  
  193  13:22  Dark Templar  
  193  13:23  Dark Templar x2  
  177  13:28  Probe  
  177  13:31  Stalker  
  177  13:32  Stalker x6  
  177  13:34  Zealot x4  
  176  13:44  Probe  
  176  13:48  Zealot  
  138  13:59  Zealot x8  
  138  14:00  Zealot x4  
  124  14:12  Robotics Facility x2  
  124  14:13  Robotics Facility  
  124  14:15  Robotics Bay  
  120  14:23  Dark Templar x4  
  120  14:33  Zealot x4  
  86  14:48  Dark Templar x2  
  85  14:56  Zealot  
  85  14:57  Zealot x3  
  85  14:58  Disruptor x2 (Chrono Boost)  
  85  14:59  Disruptor (Chrono Boost)  
  98  15:15  Zealot  
  100  15:26  Disruptor (Chrono Boost)  
  97  15:39  Zealot  
  102  15:44  Nexus  
  102  15:45  Pylon  

Tags
 
Add a new tag
Caveats
  • Supply blocks, unpowered buildings, or Contaminate may cause inaccurate times.
  • Supply counts are checked every 10 seconds.